 Dungeon Crawl Stone Soup version 0.20.0-15-g7f486f2 (webtiles) character file.

59 Hasart the Bolt Thrower (level 4, 0/40 HPs)
             Began as a Naga Hunter on June 18, 2017.
             Slain by a worm (6 damage)
             ... on level 2 of the Dungeon.
             The game lasted 00:02:55 (1361 turns).

Hasart the Bolt Thrower (Naga Hunter)               Turns: 1361, Time: 00:02:55

Health: 0/40       AC:  2    Str: 15    XL:     4   Next: 3%
Magic:  4/4        EV: 10    Int: 11    God:
Gold:   132        SH:  0    Dex: 12    Spells: 3/3 levels left

rFire    . . .     SeeInvis +   a - +1 hand crossbow
rCold    . . .     Gourm    .   (no shield)
rNeg     . . .     Faith    .   c - +0 leather armour
rPois    +         Spirit   .   (no helmet)
rElec    .         Reflect  .   (no cloak)
rCorr    .         Harm     .   (no gloves)
MR       .....                  (no barding)
Stlth    ++........             (no amulet)
Regen    0.2/turn               (no ring)
MPRegen  0.1/turn               (no ring)

@: very slow
A: see invisible, deformed body, poison resistance, slowness 2, slow metabolism
1, spit poison 1, AC +1
a: Spit Poison


You were on level 2 of the Dungeon.
You were not hungry.

You visited 1 branch of the dungeon, and saw 2 of its levels.

You collected 132 gold pieces.

Inventory:

Hand Weapons
 a - a +1 hand crossbow (weapon)
 b - a +0 short sword
Missiles
 d - 11 bolts (quivered)
Armour
 c - a +0 leather armour (worn)
Scrolls
 e - a scroll of identify {unknown}
 i - a scroll of recharging {unknown}
Potions
 h - a potion of mutation {unknown}
 j - 3 potions of curing {unknown}
Comestibles
 f - a bread ration
 g - a meat ration
 k - a chunk of flesh
 l - a royal jelly


   Skills:
 + Level 2.5 Fighting
 + Level 4.0 Crossbows
 + Level 1.2 Armour
 + Level 1.9 Dodging
 + Level 2.6 Stealth


You had 3 spell levels left.
You didn't know any spells.

Dungeon Overview and Level Annotations

Branches:
Dungeon (2/15)

Altars:
Gozag


Innate Abilities, Weirdness & Mutations

You cannot wear boots.
Your serpentine skin is tough. (AC +1)
You have supernaturally acute eyesight. (SInv)
Armour fits poorly on your strangely shaped body.
Your system is resistant to poisons. (rPois)
You cover ground very slowly.
You have a slow metabolism.
You can spit poison.


Message History

You shoot a bolt. The bolt barely misses the worm.
The worm closely misses you.
Press: ? - help, Shift-Dir - straight line, f/p - worm
Aim: a worm (lightly wounded)
The splash of poison misses the worm.
You feel slightly more hungry. The worm bites you!
* * * LOW HITPOINT WARNING * * *
Firing (i - inventory):
d - 14 bolts (quivered)
Press: ? - help, Shift-Dir - straight line, f/p - worm
Aim: a worm (lightly wounded)
You shoot a bolt. The bolt barely misses the worm.
The worm closely misses you.
Firing (i - inventory):
d - 13 bolts (quivered)
Press: ? - help, Shift-Dir - straight line, f/p - worm
Aim: a worm (lightly wounded)
You shoot a bolt. The bolt barely misses the worm.
You have got your breath back.
Firing (i - inventory):
d - 12 bolts (quivered)
Press: ? - help, Shift-Dir - straight line, f/p - worm
Aim: a worm (lightly wounded)
You shoot a bolt. The bolt barely misses the worm.
The worm bites you.
You die...

#####...#
#.....#.#.#.# #.###
#######.#...# #.#
#..#รท#.# #.#
#....... ##'###
###.###### #....#
##.....####
#....######.8...8.#..
#.........#.......#.#
#...@$.##....._......
####w..####.......###
#...# #.8...8.# #...#
##.....## #...#
###.### #.$.# #...
#...# #.. #(..# #..


You could see a worm.

Vanquished Creatures
  An adder (D:2)
  An ooze (D:2)
  4 dart slugs
  4 bats (D:1)
  5 goblins
  4 hobgoblins
  5 kobolds (D:1)
  2 ball pythons (D:1)
  8 frilled lizards
  4 rats
  A fungus (D:1)
39 creatures vanquished.

Notes
Turn   | Place    | Note
-------+----------+-------------------------------------------
     0 | D:1      | Hasart the Naga Hunter began the quest for the Orb.
     0 | D:1      | Reached XP level 1. HP: 19/19 MP: 1/1
   118 | D:1      | Reached XP level 2. HP: 24/26 MP: 2/2
   388 | D:1      | Reached skill level 1 in Armour
   550 | D:1      | Reached XP level 3. HP: 23/33 MP: 3/3
  1150 | D:2      | Found an opulent altar of Gozag.
  1215 | D:2      | Reached skill level 4 in Crossbows
  1225 | D:2      | Reached XP level 4. HP: 26/40 MP: 4/4
  1361 | D:2      | Slain by a worm

Skill      XL: |  1  2  3 |
---------------+----------+-----
Stealth        | 2 |  2.6
Armour         | 1 |  1.2
Crossbows      | 4 |  4.0
Fighting       | |  2.5
Dodging        | |  1.9

Action                   |  1- 3 |  4- 6 || total
-------------------------+-------+-------++-------
Melee: Short sword       |    60 |    12 ||    72
 Fire: Hand crossbow     |    47 |     5 ||    52
 Abil: Spit Poison       |     1 |     1 ||     2
 Stab: Sleeping          |     4 |       ||     4
  Eat: Chunk             |       |     1 ||     1
Armor: Leather armour    |    15 |       ||    15
Dodge: Dodged            |    39 |     6 ||    45
